 Dungeon Crawl Stone Soup version 0.31.0-9-g3a7656b989 (webtiles) character file.

Game seed: 3734477760276627110

908 qw the Skirmisher (level 7, -1/40 HPs)
             Began as a Deep Elf Hunter on Feb 2, 2024.
             Was a Follower of Okawaru.
             Incinerated by a bombardier beetle (6 damage)
             ... with a burning spray
             ... on level 5 of the Dungeon.
             The game lasted 00:00:22 (4127 turns).

qw the Skirmisher (Deep Elf Hunter)                 Turns: 4127, Time: 00:00:22

Health: -1/40      AC: 15    Str: 10    XL:     7   Next: 81%
Magic:  12/12      EV: 16    Int: 14    God:    Okawaru [*.....]
Gold:   209        SH:  0    Dex: 18    Spells: 6/6 levels left

rFire   . . .        a - +0 shortbow
rCold   + . .        (shield currently unavailable)
rNeg    . . .        r - +2 ring mail {rC+}
rPois   .            b - +1 helmet
rElec   .            l - +1 cloak
rCorr   .            (no gloves)
SInv    .            (no boots)
Will    .....        (no amulet)
Stlth   +            k - +4 ring of protection
HPRegen 0.26/turn    f - +5 ring of evasion
MPRegen 0.13/turn

%: no passive effects
@: on fire, glowing
A: no striking features
a: Renounce Religion, Heroism


You were on level 5 of the Dungeon.
You worshipped Okawaru.
Okawaru was aware of your devotion.
You visited 1 branch of the dungeon, and saw 7 of its levels.

You collected 257 gold pieces.
You spent 48 gold pieces at shops.


   Skills:
 - Level 2.1 Fighting
 + Level 10.8 Ranged Weapons
 - Level 1.4 Armour
 - Level 3.5 Dodging
 - Level 1.2 Stealth
 - Level 4.0 Invocations


You had 6 spell levels left.
You didn't know any spells.
Your spell library was empty.

Inventory:

Hand Weapons
 a - a +0 shortbow (weapon)
Armour
 b - a +1 helmet (worn)
 d - a +2 robe of fire resistance
 l - a +1 cloak (worn)
 r - a +2 ring mail of cold resistance (worn)
Jewellery
 f - a +5 ring of evasion (right hand)
 k - a +4 ring of protection (left hand)
Wands
 c - a wand of flame (26)
 j - a wand of iceblast (8)
 s - a wand of light (9)
Scrolls
 h - a scroll of teleportation
 p - 2 scrolls of identify
Potions
 e - a potion of enlightenment
 g - a potion of ambrosia {unknown}
 i - a potion of mutation
 m - a potion of heal wounds {unknown}
 n - a potion of lignification {unknown}
 o - a potion of curing
 q - a potion of haste {unknown}
 t - a potion of attraction {unknown}

Dungeon Overview and Level Annotations

Branches:
Dungeon (7/15)             Temple (0/1) D:6

Altars:
Cheibriados
Nemelex Xobeh
Okawaru
Ru
Zin
The Shining One

Shops:
D:1 !   D:2 ?


Message History

There is an open door here.
t - a bubbling emerald potion You now have 209 gold pieces (gained 15).
You open the door.
A bombardier beetle comes into view.
You shoot an arrow.
The arrow completely misses the bombardier beetle.
You shoot an arrow. The arrow hits the bombardier beetle!
The bombardier beetle is severely wounded.
You shoot an arrow.
The arrow barely misses the bombardier beetle.
You shoot an arrow. The arrow hits the bombardier beetle.
The bombardier beetle is almost dead.
The bombardier beetle sprays incendiary fluid at you.
The burning spray hits you.
You are covered in liquid fire!
You shoot an arrow. The arrow hits the bombardier beetle!
You kill the bombardier beetle!
Okawaru accepts your kill. The liquid fire burns you!
Your Invocations skill increases to level 4!
You are on fire!
The liquid fire burns you!
You are on fire!
The liquid fire burns you!
You are on fire!
The liquid fire burns you!
You are on fire!
The liquid fire burns you!
You are on fire!
The liquid fire burns you!
You are on fire!
The liquid fire burns you!
You are on fire!
The liquid fire burns you!
You are on fire!
The liquid fire burns you!
You are on fire!
The liquid fire burns you!
You die...

##...## #.# ##.....##
####.# ##.......##
##.#..#
#.........####.....###
+.........'...........
#.........####.....###
##.......## ##.####
##.....## #.# ##.@.##
#.# ##'## #.# #.# #.#
#.# #.# #.# #.# ...
#.# ... ...


There were no monsters in sight!

Vanquished Creatures
  An ice beast (D:5)
  An ogre (D:5)
  Blork the orc (D:4)
  A scorpion (D:6)
  A jelly (D:5)
  A hound (D:6)
  2 bombardier beetles
  A gnoll bouda (D:5)
  Ijyb (D:4)
  Natasha (D:4)
  3 orc wizards
  An iguana (D:6)
  Robin (D:2)
  11 adders
  4 gnolls (D:5)
  2 river rats (D:3)
  A shadow imp (D:6)
  A white imp (D:5)
  2 dart slugs
  6 ribbon worms
  7 orcs
  5 endoplasms
  5 giant cockroaches
  12 goblins
  13 hobgoblins
  2 quokkas
  7 ball pythons
  10 bats
  3 frilled lizards (D:2)
  4 kobolds
  10 rats
121 creatures vanquished.

Notes
Turn   | Place    | Note
-------+----------+-------------------------------------------
     0 | D:1      | qw the Deep Elf Hunter began the quest for the Orb.
     0 | D:1      | Reached XP level 1. HP: 12/12 MP: 3/3
     0 | D:1      | 0 ||| qw: Version: 0.3-a-155-g5e7d8dd
     0 | D:1      | 0 ||| qw: Game counter: 719
     0 | D:1      | 0 ||| qw: Melee chars always use a shield: true
     0 | D:1      | 0 ||| qw: God list: Okawaru
     0 | D:1      | 0 ||| qw: Allow faded altars: false
     0 | D:1      | 0 ||| qw: Do Orc after clearing Dungeon:15 true
     0 | D:1      | 0 ||| qw: Do second Lair branch before Depths: true
     0 | D:1      | 0 ||| qw: Lair rune preference: random
     0 | D:1      | 0 ||| qw: Goals: Normal
     0 | D:1      | 0 ||| PLANNING D:1-11
    74 | D:1      | Found Qideckeg's Distillery.
    88 | D:1      | 88 ||| SHOPLISTING potion of heal wounds (50 gold, have
                  | 29).
   172 | D:1      | Reached XP level 2. HP: 16/16 MP: 4/4
   177 | D:1      | Reached skill level 6 in Ranged Weapons
   761 | D:1      | 761 ||| UPGRADING to +0 ring mail.
   771 | D:1      | 771 ||| DROPPING +0 leather armour.
   772 | D:1      | 772 ||| UPGRADING to +0 cloak.
   777 | D:1      | 777 ||| READING 2 scrolls labelled YMUAGU APPORIG.
   777 | D:1      | 777 ||| IDENTIFYING fuming golden potion
   778 | D:1      | 778 ||| READING scroll of identify.
   778 | D:1      | 778 ||| IDENTIFYING 2 grey potions
   779 | D:1      | 779 ||| READING scroll labelled JIDUC ZIALO.
   780 | D:1      | 780 ||| READING scroll labelled ZEIRU JUURU.
   780 | D:1      | 780 ||| ENCHANTING +0 cloak.
   781 | D:1      | 781 ||| READING scroll labelled ASEOD OJOE.
   782 | D:1      | 782 ||| READING scroll labelled XOAN JECOSSU.
   786 | D:1      | 786 ||| DROPPING scroll of butterflies.
   811 | D:2      | Reached XP level 3. HP: 20/20 MP: 5/5
   845 | D:2      | Found Acua's Magic Scroll Boutique.
   848 | D:2      | 848 ||| SHOPLISTING scroll of enchant weapon (90 gold, have
                  | 52).
   848 | D:2      | 848 ||| BUYING scroll of identify (24 gold).
   848 | D:2      | Bought a scroll of identify for 24 gold pieces
   848 | D:2      | 848 ||| BUYING scroll of identify (24 gold).
   848 | D:2      | Bought a scroll of identify for 24 gold pieces
   848 | D:2      | 848 ||| SHOPLISTING scroll of teleportation (36 gold, have
                  | 4).
   928 | D:2      | Identified the +1 spear "Teof" {drain, Int+2 Dex+4}
  1012 | D:2      | Reached skill level 7 in Ranged Weapons
  1143 | D:2      | 1143 ||| FLEEEEING.
  1144 | D:2      | 1144 ||| FLEEEEING.
  1145 | D:2      | 1145 ||| FLEEEEING.
  1146 | D:2      | 1146 ||| FLEEEEING.
  1147 | D:2      | 1147 ||| FLEEEEING.
  1148 | D:2      | 1148 ||| FLEEEEING.
  1149 | D:2      | 1149 ||| FLEEEEING.
  1150 | D:2      | 1150 ||| FLEEEEING.
  1241 | D:2      | Reached XP level 4. HP: 14/25 MP: 6/6
  1340 | D:2      | Found an iron altar of Okawaru.
  1341 | D:2      | 1341 ||| PLANNING OKAWARU WORSHIP
  1341 | D:2      | 1341 ||| UPGRADING to +1 ring mail of positive energy.
  1351 | D:2      | 1351 ||| DROPPING +0 ring mail.
  1352 | D:2      | 1352 ||| UPGRADING to +4 ring of protection.
  1353 | D:2      | 1353 ||| READING 2 scrolls of identify.
  1353 | D:2      | 1353 ||| IDENTIFYING fuming brown potion
  1354 | D:2      | 1354 ||| READING scroll of identify.
  1354 | D:2      | 1354 ||| IDENTIFYING fizzy inky potion
  1355 | D:2      | 1355 ||| READING scroll labelled OLIAZA HIRIKIL.
  1356 | D:2      | 1356 ||| DROPPING potion of degeneration.
  1365 | D:2      | Became a worshipper of Warmaster Okawaru
  1366 | D:2      | 1366 ||| PLANNING D:1-11
  1374 | D:2      | Noticed Robin
  1383 | D:2      | Killed Robin
  1556 | D:2      | 1556 ||| UPGRADING to +0 helmet.
  1578 | D:3      | 1578 ||| PLANNING SEWER
  1643 | D:3      | Reached skill level 8 in Ranged Weapons
  1687 | D:3      | 1687 ||| FLEEEEING.
  1688 | D:3      | 1688 ||| FLEEEEING.
  1738 | D:3      | 1738 ||| FLEEEEING.
  1739 | D:3      | 1739 ||| FLEEEEING.
  1740 | D:3      | 1740 ||| FLEEEEING.
  1744 | D:3      | 1744 ||| FLEEEEING.
  1745 | D:3      | 1745 ||| FLEEEEING.
  1746 | D:3      | 1746 ||| FLEEEEING.
  1747 | D:3      | 1747 ||| FLEEEEING.
  1748 | D:3      | 1748 ||| FLEEEEING.
  1750 | D:3      | 1750 ||| FLEEEEING.
  1751 | D:3      | 1751 ||| FLEEEEING.
  1757 | D:3      | 1757 ||| DRINKING 2 potions of curing.
  1757 | D:3      | 1757 ||| (to cure confusion)
  1760 | D:3      | Reached XP level 5. HP: 29/29 MP: 7/7
  1773 | D:3      | 1773 ||| READING scroll of enchant armour.
  1773 | D:3      | 1773 ||| ENCHANTING +0 helmet.
  1831 | D:3      | Found a sparkling altar of Nemelex Xobeh.
  2046 | D:3      | Found a glowing silver altar of Zin.
  2111 | D:3      | Found a snail-covered altar of Cheibriados.
  2190 | D:3      | 2190 ||| FLEEEEING.
  2191 | D:3      | 2191 ||| FLEEEEING.
  2264 | D:3      | Reached skill level 9 in Ranged Weapons
  2319 | D:3      | 2319 ||| RIP SEWER
  2322 | D:3      | 2322 ||| PLANNING D:1-11
  2379 | D:3      | 2379 ||| UPGRADING to +5 ring of evasion.
  2380 | D:3      | 2380 ||| READING scroll of identify.
  2380 | D:3      | 2380 ||| IDENTIFYING purple potion
  2381 | D:3      | 2381 ||| DRINKING 2 golden potions.
  2382 | D:3      | 2382 ||| DROPPING potion of brilliance.
  2383 | D:3      | 2383 ||| DROPPING potion of berserk rage.
  2411 | D:4      | You fall into a shaft and drop 3 floors!
  2508 | D:6      | Reached skill level 1 in Armour
  2508 | D:6      | Reached XP level 6. HP: 35/35 MP: 8/8
  2516 | D:6      | Found a staircase to the Ecumenical Temple.
  2540 | D:6      | Found a sacrificial altar of Ru.
  2644 | D:6      | 2644 ||| DRINKING potion of curing.
  2644 | D:6      | 2644 ||| (to cure confusion)
  2664 | D:6      | Reached * piety under Okawaru
  2692 | D:5      | Entered Level 5 of the Dungeon
  2884 | D:4      | Noticed Ijyb
  2903 | D:4      | Killed Ijyb
  2904 | D:4      | Reached skill level 1 in Invocations
  3241 | D:4      | Reached skill level 10 in Ranged Weapons
  3252 | D:4      | Noticed Natasha
  3254 | D:4      | 3254 ||| INVOKING Heroism.
  3262 | D:4      | Killed Natasha
  3427 | D:4      | Noticed Blork the orc
  3428 | D:4      | 3428 ||| INVOKING Heroism.
  3437 | D:4      | Killed Blork the orc
  3438 | D:4      | Reached skill level 3 in Dodging
  3438 | D:4      | Reached XP level 7. HP: 40/40 MP: 8/10
  3560 | D:4      | 3560 ||| UPGRADING to +2 ring mail of cold resistance.
  3570 | D:4      | 3570 ||| DROPPING +1 ring mail of positive energy.
  3571 | D:4      | 3571 ||| DROPPING +1 cloak.
  3572 | D:4      | 3572 ||| DROPPING ring of see invisible.
  3573 | D:4      | 3573 ||| READING scroll labelled BIVAGASHROUF.
  3574 | D:4      | 3574 ||| READING scroll labelled DOECZA NASOATI.
  3727 | D:5      | Found a glowing golden altar of the Shining One.
  3796 | D:5      | Reached skill level 3 in Invocations
  4125 | D:5      | HP: 8/40 [burnt (3)]
  4127 | D:5      | Incinerated by a bombardier beetle

Levels and vault maps discovered:
D:1:      evilmike_arrival_hilbert_curve, layout_basic, serial_shops, shop
D:2:      layout_loops_ring, basic_altar, serial_shops,
          nicolae_shop_hallway_stairs, uniq_robin
D:3:      layout_rooms, cheibriados_altar_1, mainiacjoe_overflow_alcove_2,
          nemelex_spade_bored_becter, lightli_sewer_entry_pipes
D:4:      layout_loops_cross, kennysheep_generic_room_7, uniq_natasha,
          uniq_blork_the_orc, uniq_ijyb
D:5:      layout_loops_corners, tso_altar, serial_shops, shop, chequers_jeans
D:6:      layout_loops_corners, mainiacjoe_overflow_alcove_4,
          pf_just_have_faith, temple_doors_e, serial_shops,
          nicolae_shop_pleasant_corner_grove, shop
D:7:      minmay_chambers_of_sixes, layout_rooms, lemuel_round_altar,
          old_standard_altar

Skill      XL: |  1  2  3  4  5  6  7 |
---------------+----------------------+-----
Ranged Weapons | 6 7 8 9 10 | 10.8
Fighting       | 2 |  2.1
Armour         | 1 |  1.4
Invocations    | 1 4 |  4.0
Dodging        | 3 |  3.5
Stealth        | |  1.2

Action                     |  1- 3 |  4- 6 |  7- 9 || total
---------------------------+-------+-------+-------++-------
   Fire: Shortbow          |   132 |   302 |    90 ||   524
 Invoke: Heroism           |       |     2 |       ||     2
    Use: Scroll            |     6 |     5 |     2 ||    13
         Potion            |       |     3 |       ||     3
 Armour: Leather armour    |     2 |       |       ||     2
         Ring mail         |    54 |   123 |    23 ||   200
  Dodge: Dodged            |    49 |   121 |    39 ||   209

Table legend:
 A = Non-vault XP
 B = Vault XP
 C = Vault XP percentage of total XP
 D = Non-vault monster count
 E = Vault monster count
 F = Vault count percentage of total count
                 A         B        C        D         E       F
            +---------+---------+-------+---------+---------+-------
      Total |    1016 |     282 |  21.7 |      90 |      31 |  25.6
            +---------+---------+-------+---------+---------+-------
        D:1 |      27 |       0 |   0.0 |      19 |       0 |   0.0
        D:2 |      62 |      38 |  38.0 |      22 |      13 |  37.1
        D:3 |      97 |      73 |  42.9 |      18 |      12 |  40.0
        D:4 |      84 |     171 |  67.1 |       9 |       6 |  40.0
        D:5 |     496 |       0 |   0.0 |      13 |       0 |   0.0
        D:6 |     250 |       0 |   0.0 |       9 |       0 |   0.0
            +---------+---------+-------+---------+---------+-------
